 Dungeon Crawl Stone Soup version 0.31.0 (webtiles) character file.

Game seed: 14708334432715288828

20 qw the Shooter (level 2, -1/17 HPs)
             Began as a Gargoyle Hunter on Jan 19, 2024.
             Slain by a kobold
             ... wielding a +0 club
              (3 damage)
             ... on level 1 of the Dungeon.
             The game lasted 00:00:01 (296 turns).

qw the Shooter (Gargoyle Hunter)                     Turns: 296, Time: 00:00:02

Health: -1/17      AC:  5    Str: 14    XL:     2   Next: 79%
Magic:  2/2        EV: 11    Int:  9    God:
Gold:   74         SH:  0    Dex: 13    Spells: 1/1 levels left

rFire   . . .        a - +0 shortbow
rCold   . . .        (shield currently unavailable)
rNeg    + . .        c - +0 leather armour
rPois   inf          (no helmet)
rElec   +            (no cloak)
rCorr   .            (no gloves)
SInv    .            (no boots)
Will    .....        (no amulet)
Stlth   +            (no ring)
HPRegen 0.22/turn    (no ring)
MPRegen 0.08/turn

%: no passive effects
@: no status effects
A: sickness immunity, AC +2, negative energy resistance 1, electricity
resistance, torment resistance 1, petrification resistance
a: no special abilities


You were on level 1 of the Dungeon.
You visited 1 branch of the dungeon, and saw 1 of its levels.

You collected 74 gold pieces.


Innate Abilities, Weirdness & Mutations

You are immune to sickness and miasma.
Your stone body is resilient. (AC +2)
You are immune to poison.
You resist negative energy. (rN+)
You are resistant to electric shocks. (rElec)
You are resistant to unholy torment.
You are immune to petrification.


   Skills:
 - Level 2.1 Fighting
 + Level 4.8 Ranged Weapons
 - Level 1.5 Dodging
 - Level 1.1 Stealth


You had one spell level left.
You didn't know any spells.
Your spell library was empty.

Inventory:

Hand Weapons
 a - a +0 shortbow (weapon)
Armour
 c - a +0 leather armour (worn)
Scrolls
 b - a scroll of butterflies
 e - 2 scrolls of revelation {unknown}
 g - a scroll of vulnerability {unknown}
 j - a scroll of amnesia {unknown}
Potions
 d - a potion of might {unknown}
 f - a potion of invisibility {unknown}
 h - a potion of brilliance {unknown}
 i - 2 potions of curing {unknown}

Dungeon Overview and Level Annotations

Branches:
Dungeon (1/15)

Altars:


Message History

The arrow barely misses the ball python.
The endoplasm quivers.
The ball python barely misses you. The ball python constricts you.
The ball python bites you. The ball python constricts you.
The kobold hits you with a +0 club.
You shoot an arrow.
The arrow closely misses the ball python.
The ball python bites you but does no damage.
The ball python constricts you.
An endoplasm comes into view.
The kobold barely misses you.
You shoot an arrow.
The arrow closely misses the ball python.
The endoplasm quivers.
The arrow hits the endoplasm.
You kill the endoplasm!
The ball python barely misses you. The ball python constricts you.
The kobold barely misses you. The ball python bites you.
The ball python constricts you.
You shoot an arrow.
The arrow hits the ball python but does no damage.
The ball python is severely wounded.
The kobold hits you but does no damage. The ball python barely misses you.
The ball python constricts you.
You shoot an arrow. The arrow hits the ball python.
You kill the ball python!
The kobold hits you with a +0 club. The kobold closely misses you.
You shoot an arrow. The arrow barely misses the kobold.
The kobold hits you with a +0 club. The endoplasm barely misses you.
You shoot an arrow.
The arrow hits the kobold but does no damage.
The kobold is severely wounded.
The kobold hits you with a +0 club. The endoplasm closely misses you.
You shoot an arrow. The arrow closely misses the kobold.
The kobold closely misses you. The endoplasm freezes you.
You are frozen.
You shoot an arrow. The arrow closely misses the kobold.
The kobold hits you with a +0 club.
You die...

#......####
#.......
#......#
...#####.%
#......#
....#####.#
#......#
..........#
#......#
...........
#......#
........#
###......#
........#
#..(....##
..###.#..
#......@.# .
#.###
#:.....KJ# ..
#..........
#..
#.......##...
#. #.......#
####
#......?. ##
#?....... #.
#........ #.
#.


You could see an endoplasm and a kobold.

Vanquished Creatures
  2 ball pythons (D:1)
  An endoplasm (D:1)
  3 goblins (D:1)
  A hobgoblin (D:1)
  4 bats (D:1)
  4 frilled lizards (D:1)
  3 kobolds (D:1)
  3 rats (D:1)
21 creatures vanquished.

Notes
Turn   | Place    | Note
-------+----------+-------------------------------------------
     0 | D:1      | qw the Gargoyle Hunter began the quest for the Orb.
     0 | D:1      | Reached XP level 1. HP: 12/12 MP: 1/1
     0 | D:1      | 0 ||| qw: Version: 0.3-a-132-g3d54051
     0 | D:1      | 0 ||| qw: Game counter: 381
     0 | D:1      | 0 ||| qw: Melee chars always use a shield: true
     0 | D:1      | 0 ||| qw: God list: Okawaru
     0 | D:1      | 0 ||| qw: Allow faded altars: false
     0 | D:1      | 0 ||| qw: Do Orc after clearing Dungeon:15 true
     0 | D:1      | 0 ||| qw: Do second Lair branch before Depths: true
     0 | D:1      | 0 ||| qw: Lair rune preference: random
     0 | D:1      | 0 ||| qw: Goals: Normal
     0 | D:1      | 0 ||| PLANNING D:1-11
    66 | D:1      | Reached XP level 2. HP: 17/17 MP: 2/2
   295 | D:1      | HP: 2/17 [frozen (5)]
   296 | D:1      | Slain by a kobold

Levels and vault maps discovered:
D:1:      dpeg_arrival_arbitrary_b, layout_basic

Action                     || total
---------------------------++-------
   Fire: Shortbow          ||    59
 Armour: Leather armour    ||    18
  Dodge: Dodged            ||    22

Table legend:
 A = Non-vault XP
 B = Vault XP
 C = Vault XP percentage of total XP
 D = Non-vault monster count
 E = Vault monster count
 F = Vault count percentage of total count
                 A         B        C        D         E       F
            +---------+---------+-------+---------+---------+-------
      Total |      29 |       0 |   0.0 |      21 |       0 |   0.0
            +---------+---------+-------+---------+---------+-------
        D:1 |      29 |       0 |   0.0 |      21 |       0 |   0.0
            +---------+---------+-------+---------+---------+-------
